Map: Acid Plant LE

Players

Shwing

  • Race: Zerg Zerg
  • League: Platinum
  • Spawn Location: 5:00

Graveyard - Winner!

  • Race: Zerg Zerg
  • League: Diamond
  • Spawn Location: 11:00

VOD

Have the link to the VOD?

Description

Time

  • Played on: April 10, 2018, 4:23 a.m.
  • Length: 8:37
Show
View Real Time Build Order
Export as new Build Order

Shwing Zerg 

Build Orders: Hatch First 

Get SALT Encoding   

  12  0:17  Drone  
  13  0:27  Overlord  
  13  0:30  Drone  
  13  0:34  Extractor  
  13  0:37  Drone  
  15  0:48  Drone  
  16  0:50  Drone  
  17  1:00  Hatchery  
  16  1:07  Drone  
  16  1:11  Drone  
  18  1:19  Spawning Pool  
  18  1:22  Extractor  
  18  1:24  Drone  
  17  1:33  Drone  
  18  1:50  Drone  
  19  1:55  Overlord  
  19  2:07  Drone  
  20  2:16  Queen  
  20  2:17  Queen  
  20  2:18  Zergling x2  
  20  2:19  Zergling x2  
  26  2:28  Drone x2  
  28  2:30  Metabolic Boost  
  28  2:34  Drone  
  29  2:42  Drone  
  30  2:53  Roach Warren  
  30  2:54  Zergling x2, Overlord  
  30  3:04  Drone x2  
  32  3:17  Drone x3  
  35  3:22  Extractor  
  34  3:28  Drone  
  33  3:36  Zergling x4  
  33  3:37  Zergling x6  
  36  3:42  Drone  
  37  4:11  Drone x3  
  37  4:14  Hatchery  
  39  4:22  Overlord  
  39  4:23  Roach x2  
  43  4:32  Overlord  
  43  4:36  Overlord  
  43  4:51  Ravager x2  
  45  4:53  Roach  
  45  4:55  Roach x4  
  45  4:56  Roach x5  
  65  5:08  Overlord  
  65  5:09  Roach  
  67  5:18  Ravager  
  67  5:20  Overlord x2  
  68  5:29  Overlord, Roach  
  68  5:30  Roach x3  
  68  5:32  Zergling x2  
  77  5:38  Queen  
  79  5:44  Overlord x2, Roach  
  79  5:45  Roach x2  
  85  6:01  Overlord  
  85  6:02  Roach x4  
  93  6:14  Roach  
  93  6:15  Roach x2  
  99  6:22  Roach x2  
  99  6:24  Zergling x6  
  100  6:42  Roach x4  
  100  6:43  Zergling x2  
  109  6:53  Overlord, Roach x2  
  115  6:54  Roach  
  102  7:25  Roach x5  
  102  7:26  Zergling x4, Roach  
  109  7:33  Roach  
  94  7:42  Roach x3  
  76  8:06  Roach x5  
  76  8:08  Roach  
  82  8:13  Roach  
  82  8:15  Zergling x4  
Show
View Real Time Build Order
Export as new Build Order

Graveyard Zerg - Winner!

Build Orders: Hatch First 

Get SALT Encoding   

  12  0:00  Drone  
  13  0:13  Overlord  
  13  0:16  Drone  
  14  0:31  Drone x2  
  14  0:34  Drone  
  17  0:52  Hatchery  
  16  1:06  Spawning Pool  
  16  1:09  Drone  
  16  1:16  Drone  
  17  1:30  Drone, Extractor  
  17  1:31  Drone  
  18  1:33  Drone  
  19  1:53  Zergling x4  
  21  2:03  Queen  
  21  2:05  Queen  
  21  2:06  Overlord  
  21  2:07  Zergling x2  
  26  2:23  Drone x2  
  26  2:29  Baneling Nest  
  27  2:31  Drone x2  
  29  2:43  Drone x2  
  31  2:51  Drone  
  31  2:55  Metabolic Boost  
  32  2:59  Drone  
  32  3:00  Hatchery  
  32  3:11  Drone x4  
  36  3:19  Overlord  
  36  3:27  Overlord  
  34  3:37  Roach Warren  
  34  3:39  Drone x5, Extractor  
  36  3:43  Drone x2  
  36  3:46  Extractor  
  36  3:47  Extractor  
  36  4:02  Drone x3  
  41  4:03  Drone x2  
  41  4:04  Drone  
  44  4:10  Drone x3  
  44  4:12  Drone  
  44  4:14  Drone  
  49  4:20  Lair  
  47  4:26  Drone  
  48  4:35  Queen  
  48  4:36  Drone x4  
  48  4:37  Drone x4  
  58  4:41  Evolution Chamber  
  58  4:43  Drone  
  58  4:44  Overlord  
  58  4:45  Evolution Chamber  
  57  4:47  Overlord  
  57  4:57  Drone  
  58  5:04  Drone  
  59  5:10  Drone x4, Extractor  
  62  5:14  Extractor  
  62  5:15  Zerg Ground Armor Level 1, Zerg Missile Weapons Level 1  
  62  5:17  Glial Reconstitution  
  62  5:19  Roach x5  
  71  5:28  Roach  
  73  5:31  Spore Crawler  
  73  5:33  Spore Crawler  
  73  5:35  Spore Crawler, Overlord x3  
  70  5:37  Drone  
  70  5:38  Drone  
  70  5:39  Drone  
  70  5:40  Drone  
  74  6:06  Roach x7  
  74  6:07  Roach x2  
  92  6:16  Overlord x2  
  92  6:21  Roach x3  
  94  6:33  Roach x2  
  97  6:42  Roach x4  
  97  6:43  Roach x4  
  97  6:46  Overlord x3  
  111  6:56  Overlord x2  
  109  7:06  Roach x3  
  111  7:13  Roach  
  103  7:27  Roach x2  
  103  7:28  Roach x3  
  99  7:31  Roach x3  
  96  7:39  Roach  
  88  7:46  Roach  
  88  7:47  Roach  
  80  7:53  Roach x3  
  80  7:54  Roach  
  84  7:59  Roach x3  
  80  8:07  Roach x2  
Tags
 
Add a new tag
Caveats
  • Supply blocks, unpowered buildings, or Contaminate may cause inaccurate times.
  • Supply counts are checked every 10 seconds.